 Dungeon Crawl Stone Soup version 0.29.0-15-g675c0067aa (webtiles) character file.

Game seed: 13407658473776966325

28 qw the Sneak (level 3, -2/23 HPs)
             Began as a Gargoyle Delver on Sept 11, 2022.
             Slain by a necrophage (4 damage)
             ... on level 5 of the Dungeon.
             The game lasted 00:00:09 (398 turns).

qw the Sneak (Gargoyle Delver)                       Turns: 398, Time: 00:00:09

Health: -2/23      AC:  6    Str: 17    XL:     3   Next: 12%
Magic:  3/3        EV: 11    Int: 10    God:
Gold:   0          SH:  0    Dex: 11    Spells: 2/2 levels left

rFire   . . .      SeeInvis .   a - +0 hand axe
rCold   . . .      Faith    .   (no shield)
rNeg    + . .      Spirit   .   b - +0 leather armour
rPois   inf        Reflect  .   (no helmet)
rElec   +          Harm     .   (no cloak)
rCorr   .          Rampage  .   (no gloves)
Will    .....                   (no boots)
Stlth   +++.......              (no amulet)
HPRegen 0.07/turn               (no ring)
MPRegen 0.08/turn               (no ring)

@: no status effects
A: sickness immunity, AC +3, negative energy resistance 1, electricity
resistance, torment resistance 1, petrification resistance
a: no special abilities


You were on level 5 of the Dungeon.
You visited 1 branch of the dungeon, and saw 1 of its levels.


Innate Abilities, Weirdness & Mutations

You are immune to sickness and miasma.
Your stone body is resilient. (AC +3)
You are immune to poison.
You resist negative energy. (rN+)
You are resistant to electric shocks. (rElec)
You are resistant to unholy torment.
You are immune to petrification.


   Skills:
 - Level 3.2 Fighting
 + Level 3.2 Axes
 - Level 1.5 Dodging
 - Level 5.4 Stealth


You had 2 spell levels left.
You didn't know any spells.
Your spell library was empty.

Inventory:

Hand Weapons
 a - a +0 hand axe (weapon)
Armour
 b - a +0 leather armour (worn)
Wands
 g - a wand of digging (3)
Scrolls
 c - a scroll of fog
 d - a scroll of magic mapping
 e - a scroll of fear
 h - a scroll of vulnerability {unknown}
Potions
 f - a potion of haste

Dungeon Overview and Level Annotations

Branches:
Dungeon (5/15)
 Temple: D:4-7

Altars:


Message History

The necrophage completely misses you.
Your Axes skill increases to level 3!
You have reached level 3!
Your experience leads to an increase in your attributes!
Increase (S)trength, (I)ntelligence, or (D)exterity?
You feel stronger. x2
You hit the necrophage.
The necrophage is moderately damaged.
The necrophage hits you. The necrophage barely misses you.
You hit the necrophage.
The necrophage is heavily damaged.
The necrophage barely misses you.
You hit the necrophage but do no damage.
The necrophage is heavily damaged.
The necrophage hits you.
You barely miss the necrophage.
The necrophage is heavily damaged.
The necrophage hits you.
You slash the necrophage!
The necrophage is severely damaged.
The necrophage completely misses you.
You hit the necrophage.
The necrophage is severely damaged.
The necrophage hits you but does no damage.
You hit the necrophage but do no damage.
The necrophage is severely damaged.
The necrophage closely misses you.
You hit the necrophage.
The necrophage is almost destroyed.
The necrophage hits you. The necrophage closely misses you.
You closely miss the necrophage.
The necrophage is almost destroyed.
The necrophage hits you.
You hit the necrophage.
The necrophage is almost destroyed.
The necrophage hits you.
You closely miss the necrophage.
The necrophage is almost destroyed.
You hear the quick hiss of an avalanche of sand nearby.
The necrophage hits you.
You die...

. .. ...
....
.....#####
...
.......@.##
#...
......n...#
#...
..######..#
#..#
##.####..#
###..##..#
#.......#
....####...#
..##
##..########
#.........##


You could see a necrophage.

Vanquished Creatures
  3 adders (D:5)
3 creatures vanquished.

Notes
Turn   | Place    | Note
-------+----------+-------------------------------------------
     0 | D:5      | qw the Gargoyle Delver began the quest for the Orb.
     0 | D:5      | Reached XP level 1. HP: 14/14 MP: 1/1
     0 | D:5      | 0 ||| qw: Version: 0.1-a-117-gfe26ee0
     0 | D:5      | 0 ||| qw: Game counter: 9918
     0 | D:5      | 0 ||| qw: Always use a shield: true
     0 | D:5      | 0 ||| qw: God list: Okawaru
     0 | D:5      | 0 ||| qw: Allow faded altars: false
     0 | D:5      | 0 ||| qw: Do Orc after D:15 true
     0 | D:5      | 0 ||| qw: Do second Lair branch before Depths: true
     0 | D:5      | 0 ||| qw: Lair rune preference: random
     0 | D:5      | 0 ||| qw: Plans: Normal
     0 | D:5      | 0 ||| PLANNING D:1-11
    23 | D:5      | Reached XP level 2. HP: 19/19 MP: 2/2
    51 | D:5      | HP: 2/19 [adder (3)]
   375 | D:5      | Noticed a necrophage
   376 | D:5      | 376 ||| Stepping ~*~*~tactically~*~*~ (stealth).
   388 | D:5      | Reached skill level 3 in Axes
   388 | D:5      | Reached XP level 3. HP: 23/23 MP: 3/3
   397 | D:5      | HP: 1/23 [necrophage (5)]
   398 | D:5      | Slain by a necrophage

Levels and vault maps discovered:
D:5:      layout_layer_cave, lightli_ossuary_entry_decrepit_ruins, uniq_menkaure

Skill      XL: |  1  2 |
---------------+-------+-----
Axes           | 2 3 |  3.2
Fighting       | |  3.2
Dodging        | |  1.5
Stealth        | |  5.4

Action                   || total
-------------------------++-------
Melee: Hand axe          ||    44
Armor: Leather armour    ||    18
Dodge: Dodged            ||    32

Table legend:
 A = Non-vault XP
 B = Vault XP
 C = Vault XP percentage of total XP
 D = Non-vault monster count
 E = Vault monster count
 F = Vault count percentage of total count
                 A         B        C        D         E       F
            +---------+---------+-------+---------+---------+-------
      Total |      40 |       0 |   0.0 |       3 |       0 |   0.0
            +---------+---------+-------+---------+---------+-------
        D:5 |      40 |       0 |   0.0 |       3 |       0 |   0.0
            +---------+---------+-------+---------+---------+-------
